 Dungeon Crawl Stone Soup version 0.27-a0-414-gbb19ded6d3 (webtiles) character file.

Game seed: 13858049473803363768

3243 sanka the Fighter (level 9, -2/74 HPs)
             Began as a Gnoll Abyssal Knight on Feb 24, 2021.
             Was an Elder of Lugonu.
             Slain by Pikel
             ... wielding a +2 whip of electrocution
              (7 damage)
             ... on level 7 of the Dungeon.
             The game lasted 00:11:10 (8505 turns).

sanka the Fighter (Gnoll Abyssal Knight)            Turns: 8505, Time: 00:11:10

Health: -2/74      AC:  6    Str: 15    XL:     9   Next: 99%
Magic:  25/25      EV: 13    Int: 11    God:    Lugonu [****..]
Gold:   411        SH:  5    Dex: 12    Spells: 17/17 levels left

rFire    . . .     SeeInvis .   a - +11 long sword "Mogyjoad" {holy, rElec rPois rF- rN++}
rCold    . . .     Faith    .   t - +0 buckler
rNeg     + + .     Spirit   .   v - +0 ring mail
rPois    +         Reflect  .   (no helmet)
rElec    +         Harm     .   (no cloak)
rCorr    .         Rampage  .   (no gloves)
Will     .....                  (no boots)
Stlth    ++........             (no amulet)
HPRegen  0.22/turn              m - ring of magical power
MPRegen  0.19/turn              f - ring of protection from fire

@: no status effects
A: distributed training, fangs 1, strong nose
a: Renounce Religion, Depart the Abyss, Bend Space, Banish, Corrupt


You were on level 7 of the Dungeon.
You worshipped Lugonu.
Lugonu was greatly pleased with you.
You visited 1 branch of the dungeon, and saw 8 of its levels.
You visited the Abyss 1 time.

You collected 411 gold pieces.


Innate Abilities, Weirdness & Mutations

Your experience applies equally to all skills.
You have very sharp teeth.
Your uncanny sense of smell can sniff out nearby items.


   Skills:
 + Level 8.2 Fighting
 + Level 4.7 Short Blades
 + Level 4.7 Long Blades
 + Level 4.7 Axes
 + Level 4.7 Maces & Flails
 + Level 6.7 Polearms
 + Level 4.7 Staves
 + Level 4.7 Slings
 + Level 4.7 Bows
 + Level 4.7 Crossbows
 + Level 4.7 Throwing
 + Level 6.7 Armour
 + Level 5.5 Dodging
 + Level 4.7 Stealth
 + Level 4.7 Shields
 + Level 4.7 Unarmed Combat
 + Level 4.7 Spellcasting
 + Level 3.9 Conjurations
 + Level 3.9 Hexes
 + Level 3.9 Summonings
 + Level 3.9 Necromancy
 + Level 3.9 Translocations
 + Level 3.9 Transmutations
 + Level 3.9 Fire Magic
 + Level 3.9 Ice Magic
 + Level 3.9 Air Magic
 + Level 3.9 Earth Magic
 + Level 3.9 Poison Magic
 + Level 7.0 Invocations
 + Level 4.7 Evocations


You had 17 spell levels left.
You didn't know any spells.
Your spell library was empty.

Inventory:

Hand Weapons
 a - the +11 long sword "Mogyjoad" (weapon) {holy, rElec rPois rF- rN++}

   It has been blessed by the Shining One to cause great damage to the undead
   and demons.
   It makes you vulnerable to fire.
   It insulates you from electricity.
   It protects you from poison.
   It greatly protects you from negative energy.
 n - a +2 great sword of electrocution
 w - a +1 spear
Missiles
 i - 8 javelins (quivered)
 B - 8 curare-tipped darts {=f}
Armour
 t - a +0 buckler (worn)
 v - a +0 ring mail (worn)
 C - a +0 ring mail of poison resistance
Jewellery
 f - a ring of protection from fire (right hand)
 m - a ring of magical power (left hand)
Wands
 z - a wand of polymorph (9)
Scrolls
 c - a scroll of noise {unknown}
 d - 2 scrolls of magic mapping
 e - 2 scrolls of teleportation {@r4}
 h - 2 scrolls of blinking
 q - a scroll of enchant armour
 y - a scroll of enchant weapon
 D - 2 scrolls of identify {@r1}
Potions
 b - a potion of invisibility {unknown}
 g - a potion of might {unknown}
 j - a potion of heal wounds {unknown}
 k - a potion of flight
 l - a potion of magic {unknown}
 o - 2 potions of mutation {unknown}
 p - 2 potions of haste {@q3}
 s - a potion of degeneration {unknown}
 u - 3 potions of brilliance {unknown}
 x - a potion of lignification {!q}
 A - 2 potions of attraction {unknown}

Dungeon Overview and Level Annotations

Branches:
Dungeon (8/15)             Temple (0/1) D:6
   Lair: D:8-11

Altars:
Ashenzari
Cheibriados
Fedhas
Hepliaklqana
Kikubaaqudgha

Shops:
D:4 ?

Annotations:
D:7 Pikel

▒▒▒▒▒▒▒▒▒ ▒▒▒▒▒▒▒▒▒▒▒ ▒.......▒
......^...▒▒▒▒▒▒▒.......▒ ▒▒
...............(........▒ ▒▒▒▒▒.
..........▒▒▒▒▒▒5.......▒▒▒▒.....
..........▒▒▒▒▒▒gK.....[.)...▒▒▒.
...........▒▒...†......).▒▒▒.....
..............▒▒▒.)....[.........
.............▒▒▒▒................
..........▒...................▒▒▒
..........▒.▒▒▒▒............▒..▒▒
..........▒.▒▒ ▒▒▒▒▒▒▒..▒....▒.▒.
▒.▒....▒▒▒▒..▒ ▒....▒..▒...
▒.▒......▒▒▒.▒ ▒...▒▒......


You could see Pikel and a lemure.


Message History

The lemure barely misses you.
You riposte.
You slash the lemure!
The lemure convulses.
The lemure is almost dead.
The killer bee misses you.
Pikel hits you with a +2 whip of electrocution.
* * * LOW HITPOINT WARNING * * *
You completely miss Pikel. You bite Pikel, but do no damage.
Pikel is heavily wounded.
The killer bee stings you but does no damage.
The killer bee stings you!
* * * LOW HITPOINT WARNING * * *
The lemure hits you but does no damage. Pikel hits you but does no damage.
You block the killer bee's attack. The killer bee misses you.
The lemure barely misses you.
Pikel hits you with a +2 whip of electrocution!
* * * LOW HITPOINT WARNING * * *
The killer bee closely misses you.
You riposte.
You slash the killer bee!
You kill the killer bee!
Lugonu accepts your kill. The lemure hits you!
* * * LOW HITPOINT WARNING * * *
Pikel hits you with a +2 whip of electrocution!
You die...

Action                   |  1- 3 |  4- 6 |  7- 9 || total
-------------------------+-------+-------+-------++-------
Melee: Spear             |   104 |   140 |       ||   244
       Bite              |     3 |    11 |    13 ||    27
       Punch             |     1 |       |       ||     1
       Long sword        |       |    45 |   168 ||   213
Throw: Javelin           |       |       |     6 ||     6
Invok: Banish            |       |       |     1 ||     1
  Use: Scroll            |       |     7 |       ||     7
       Potion            |       |     3 |     2 ||     5
 Stab: Sleeping          |     1 |     1 |     2 ||     4
Armor: Leather armour    |    11 |     6 |       ||    17
       Ring mail         |       |    36 |    61 ||    97
Dodge: Dodged            |    40 |    59 |   170 ||   269
Block: Buckler           |       |    10 |    59 ||    69
       Rpst.: Long sword |       |     3 |    41 ||    44

Levels and vault maps discovered:
D:1:      roderic_chinese_lattice_arrival, layout_basic
D:2:      layout_rooms, evilmike_ruin_ashenzari
D:3:      layout_loops_cross, gammafunk_temple_overflow_statue,
          kennysheep_another_room, hex_large, grunt_ministairs_8
D:4:      layout_layer_cave, serial_shops, shop, kennysheep_diamond
D:5:      layout_loops_ring, kennysheep_vampire_church, st_stairs_12,
          chequers_serial_rivers_small_3, uniq_sigmund
D:6:      layout_rooms, kennysheep_mini_moat,
          minmay_temple_entry_statues_pillars, nrook_loot_triangle,
          kennysheep_generic_room_16
D:7:      layout_rooms, minmay_fractal_squares_5
D:8:      layout_cave_pools, lemuel_round_altar, minmay_evil_grid, uniq_pikel

Notes
Turn   | Place    | Note
-------+----------+-------------------------------------------
     0 | Abyss:1  | sanka the Gnoll Abyssal Knight began the quest for the Orb.
     0 | Abyss:1  | Reached XP level 1. HP: 23/23 MP: 3/3
    64 | D:1      | Escaped the Abyss
   218 | D:1      | Reached XP level 2. HP: 29/29 MP: 5/5
   580 | D:1      | Reached ** piety under Lugonu
   836 | D:2      | Reached XP level 3. HP: 31/35 MP: 6/6
  1288 | D:2      | Reached skill level 1 in Short Blades
  1288 | D:2      | Reached skill level 1 in Long Blades
  1288 | D:2      | Reached skill level 1 in Axes
  1288 | D:2      | Reached skill level 1 in Maces & Flails
  1288 | D:2      | Reached skill level 1 in Staves
  1288 | D:2      | Reached skill level 1 in Slings
  1288 | D:2      | Reached skill level 1 in Bows
  1288 | D:2      | Reached skill level 1 in Crossbows
  1288 | D:2      | Reached skill level 1 in Throwing
  1288 | D:2      | Reached skill level 1 in Stealth
  1288 | D:2      | Reached skill level 1 in Shields
  1288 | D:2      | Reached skill level 1 in Unarmed Combat
  1288 | D:2      | Reached skill level 1 in Spellcasting
  1288 | D:2      | Reached skill level 1 in Evocations
  1333 | D:2      | Reached XP level 4. HP: 41/41 MP: 7/7
  1539 | D:2      | Found a broken altar of Ashenzari.
  1853 | D:3      | Reached skill level 1 in Conjurations
  1853 | D:3      | Reached skill level 1 in Hexes
  1853 | D:3      | Reached skill level 1 in Summonings
  1853 | D:3      | Reached skill level 1 in Necromancy
  1853 | D:3      | Reached skill level 1 in Translocations
  1853 | D:3      | Reached skill level 1 in Transmutations
  1853 | D:3      | Reached skill level 1 in Fire Magic
  1853 | D:3      | Reached skill level 1 in Ice Magic
  1853 | D:3      | Reached skill level 1 in Air Magic
  1853 | D:3      | Reached skill level 1 in Earth Magic
  1853 | D:3      | Reached skill level 1 in Poison Magic
  2638 | D:3      | Found a blossoming altar of Fedhas.
  2638 | D:3      | Found a hazy altar of Hepliaklqana.
  2749 | D:4      | Reached *** piety under Lugonu
  2766 | D:4      | Found Nuikhler's Magic Scroll Shop.
  2768 | D:4      | Reached XP level 5. HP: 45/47 MP: 8/8
  3391 | D:4      | Reached skill level 3 in Dodging
  3427 | D:4      | Identified a steaming long sword
  3585 | D:4      | Reached skill level 5 in Invocations
  3585 | D:4      | Reached XP level 6. HP: 23/53 MP: 9/9
  3595 | D:4      | HP: 5/53 [something/magic dart (8)]
  3596 | D:4      | HP: 1/53 [something (4)]
  4075 | D:4      | Reached skill level 5 in Polearms
  4075 | D:4      | Reached skill level 5 in Armour
  4646 | D:5      | Entered Level 5 of the Dungeon
  4652 | D:5      | Reached skill level 2 in Short Blades
  4652 | D:5      | Reached skill level 2 in Long Blades
  4652 | D:5      | Reached skill level 2 in Axes
  4652 | D:5      | Reached skill level 2 in Maces & Flails
  4652 | D:5      | Reached skill level 2 in Staves
  4652 | D:5      | Reached skill level 2 in Slings
  4652 | D:5      | Reached skill level 2 in Bows
  4652 | D:5      | Reached skill level 2 in Crossbows
  4652 | D:5      | Reached skill level 2 in Throwing
  4652 | D:5      | Reached skill level 2 in Stealth
  4652 | D:5      | Reached skill level 2 in Shields
  4652 | D:5      | Reached skill level 2 in Unarmed Combat
  4652 | D:5      | Reached skill level 2 in Spellcasting
  4652 | D:5      | Reached skill level 2 in Evocations
  5025 | D:5      | Noticed a sky beast
  5035 | D:5      | Killed a sky beast
  5036 | D:5      | Reached skill level 7 in Fighting
  5036 | D:5      | Reached XP level 7. HP: 51/60 MP: 10/10
  5129 | D:5      | Reached skill level 2 in Conjurations
  5129 | D:5      | Reached skill level 2 in Hexes
  5129 | D:5      | Reached skill level 2 in Summonings
  5129 | D:5      | Reached skill level 2 in Necromancy
  5129 | D:5      | Reached skill level 2 in Translocations
  5129 | D:5      | Reached skill level 2 in Transmutations
  5129 | D:5      | Reached skill level 2 in Fire Magic
  5129 | D:5      | Reached skill level 2 in Ice Magic
  5129 | D:5      | Reached skill level 2 in Air Magic
  5129 | D:5      | Reached skill level 2 in Earth Magic
  5129 | D:5      | Reached skill level 2 in Poison Magic
  5223 | D:5      | Noticed Sigmund
  5269 | D:5      | Killed Sigmund
  5362 | D:5      | Found an ancient bone altar of Kikubaaqudgha.
  5432 | D:5      | Reached XP level 8. HP: 67/67 MP: 12/12
  5767 | D:6      | Reached skill level 3 in Short Blades
  5767 | D:6      | Reached skill level 3 in Long Blades
  5767 | D:6      | Reached skill level 3 in Axes
  5767 | D:6      | Reached skill level 3 in Maces & Flails
  5767 | D:6      | Reached skill level 3 in Staves
  5767 | D:6      | Reached skill level 3 in Slings
  5767 | D:6      | Reached skill level 3 in Bows
  5767 | D:6      | Reached skill level 3 in Crossbows
  5767 | D:6      | Reached skill level 3 in Throwing
  5767 | D:6      | Reached skill level 4 in Dodging
  5767 | D:6      | Reached skill level 3 in Stealth
  5767 | D:6      | Reached skill level 3 in Shields
  5767 | D:6      | Reached skill level 3 in Unarmed Combat
  5767 | D:6      | Reached skill level 3 in Spellcasting
  5767 | D:6      | Reached skill level 3 in Evocations
  5891 | D:6      | Found a snail-covered altar of Cheibriados.
  5911 | D:6      | Reached **** piety under Lugonu
  6218 | D:6      | Reached skill level 6 in Invocations
  6506 | D:6      | Found a staircase to the Ecumenical Temple.
  6572 | D:6      | Reached skill level 3 in Conjurations
  6572 | D:6      | Reached skill level 3 in Hexes
  6572 | D:6      | Reached skill level 3 in Summonings
  6572 | D:6      | Reached skill level 3 in Necromancy
  6572 | D:6      | Reached skill level 3 in Translocations
  6572 | D:6      | Reached skill level 3 in Transmutations
  6572 | D:6      | Reached skill level 3 in Fire Magic
  6572 | D:6      | Reached skill level 3 in Ice Magic
  6572 | D:6      | Reached skill level 3 in Air Magic
  6572 | D:6      | Reached skill level 3 in Earth Magic
  6572 | D:6      | Reached skill level 3 in Poison Magic
  6697 | D:6      | Reached skill level 6 in Polearms
  6697 | D:6      | Reached skill level 6 in Armour
  7098 | D:7      | Noticed a two-headed ogre
  7110 | D:7      | HP: 4/67 [two-headed ogre/+0 giant club (16)]
  7123 | D:6      | Reached XP level 9. HP: 6/72 MP: 14/14
  7479 | D:6      | Banished a two-headed ogre
  7480 | D:6      | Reached skill level 4 in Short Blades
  7480 | D:6      | Reached skill level 4 in Long Blades
  7480 | D:6      | Reached skill level 4 in Axes
  7480 | D:6      | Reached skill level 4 in Maces & Flails
  7480 | D:6      | Reached skill level 4 in Staves
  7480 | D:6      | Reached skill level 4 in Slings
  7480 | D:6      | Reached skill level 4 in Bows
  7480 | D:6      | Reached skill level 4 in Crossbows
  7480 | D:6      | Reached skill level 4 in Throwing
  7480 | D:6      | Reached skill level 5 in Dodging
  7480 | D:6      | Reached skill level 4 in Stealth
  7480 | D:6      | Reached skill level 4 in Shields
  7480 | D:6      | Reached skill level 4 in Unarmed Combat
  7480 | D:6      | Reached skill level 4 in Spellcasting
  7480 | D:6      | Reached skill level 4 in Evocations
  7957 | D:7      | Reached skill level 8 in Fighting
  8448 | D:8      | Reached skill level 7 in Invocations
  8476 | D:8      | Noticed Pikel
  8503 | D:7      | HP: 2/74 [killer bee (7)]
  8505 | D:7      | Slain by Pikel

Vanquished Creatures
  Sigmund (D:5)
  A wyvern (D:8)
  An orc warrior (D:7)
  A sky beast (D:5)
  4 ogres
  3 centaurs
  A kobold brigand (D:7)
  A bullfrog (D:6)
  A gnoll sergeant (D:6)
  2 scorpions
  4 killer bees (D:7)
  2 vampire bats (D:5)
  A howler monkey (D:6)
  A centaur zombie (D:5)
  A quasit (D:6)
  2 jellies (D:6)
  2 orc priests
  7 hounds
  2 bullfrog skeletons (D:5)
  4 orc wizards
  4 worker ants
  An iguana (D:8)
  2 hound skeletons (D:6)
  3 gnolls (D:6)
  9 adders
  2 shadow imps
  2 white imps
  2 ufetubi
  An ooze (D:2)
  A worm (D:3)
  3 dart slugs
  4 leopard geckos
  22 orcs
  4 bat skeletons (D:5)
  2 bat zombies (D:5)
  2 giant cockroaches
  7 goblins
  4 hobgoblins
  8 jackals
  3 quokkas
  A ball python (D:2)
  4 bats
  5 frilled lizards
  A jackal skeleton (D:6)
  8 kobolds
  A quokka skeleton (D:6)
  A quokka zombie (D:7)
  7 rats
156 creatures vanquished.
